Map: Sunset Valley LE

Players

aliens

  • Race: Protoss Protoss
  • Spawn Location: 6:00

Pronder

  • Race: Zerg Zerg
  • League: Platinum
  • Spawn Location: 5:00

MooEsqoo

  • Race: Protoss Protoss
  • Spawn Location: 5:00

spacechinees

  • Race: Protoss Protoss
  • League: Platinum
  • Spawn Location: 5:00

Павел - Winner!

  • Race: Zerg Zerg
  • League: Gold
  • Spawn Location: 12:00

Mutabor - Winner!

  • Race: Zerg Zerg
  • League: Gold
  • Spawn Location: 11:00

Илья - Winner!

  • Race: Protoss Protoss
  • Spawn Location: 9:00

SirBruce - Winner!

  • Race: Protoss Protoss
  • Spawn Location: 12:00

VOD

Have the link to the VOD?

Description

Time

  • Played on: Nov. 22, 2019, 8:45 p.m.
  • Length: 14:18
Show
View Real Time Build Order
Export as new Build Order

aliens Protoss 

Build Orders:  

Get SALT Encoding   

  12  0:00  Probe  
  13  0:13  Probe  
  14  0:18  Pylon  
  14  0:25  Probe  
  15  0:37  Probe  
  15  0:38  Gateway  
  16  0:46  Assimilator  
  16  0:49  Probe  
  17  1:01  Probe  
  18  1:12  Pylon  
  18  1:14  Probe  
  18  1:18  Assimilator  
  19  1:27  Cybernetics Core  
  19  1:31  Zealot  
  21  1:33  Probe  
  22  1:45  Probe  
  23  1:56  Warp Gate (Chrono Boost)  
  23  1:57  Probe  
  24  2:09  Twilight Council  
  24  2:12  Pylon  
  24  2:16  Gateway  
  21  3:01  Gateway  
  21  3:03  Gateway  
  21  3:07  Gateway  
  21  3:08  Pylon  
  20  3:24  Stalker  
  20  3:26  Sentry  
  22  3:48  Stalker  
  11  5:54  Nexus  
  11  6:03  Probe  
  11  7:08  Probe (Chrono Boost)  
  12  7:17  Probe (Chrono Boost)  
  12  7:22  Probe (Chrono Boost)  
  14  7:34  Probe  
  14  7:35  Pylon  
  15  7:49  Assimilator  
  15  7:52  Pylon  
  15  7:53  Probe  
  16  8:05  Probe  
  17  8:11  Assimilator  
  17  9:01  Probe  
  18  9:09  Cybernetics Core  
  18  9:10  Gateway  
  18  9:13  Probe  
  15  9:25  Probe  
  16  9:37  Probe  
  17  10:08  Nexus  
  17  10:10  Stalker  
  17  10:11  Pylon  
  17  10:14  Pylon  
  19  10:22  Twilight Council  
  19  10:28  Pylon  
  19  10:36  Stalker  
  21  10:44  Gateway  
  21  10:47  Pylon  
  21  10:53  Probe (Chrono Boost)  
  22  11:03  Templar Archives  
  22  11:04  Probe (Chrono Boost)  
  23  11:08  Probe (Chrono Boost)  
  24  11:34  Stalker  
  24  11:39  Stalker  
  28  11:50  Gateway  
  28  11:54  Gateway  
  28  11:55  Shield Battery  
  28  11:57  Shield Battery x2  
  28  11:59  Pylon  
Show
View Real Time Build Order
Export as new Build Order

Pronder Zerg 

Build Orders: Pool First 

Get SALT Encoding   

  12  0:08  Drone x2  
  14  0:28  Spawning Pool  
  13  0:35  Overlord  
  13  0:40  Drone  
  14  0:56  Drone  
  15  0:57  Drone  
  16  1:07  Extractor  
  16  1:09  Drone  
  16  1:10  Drone  
  17  1:15  Queen  
  19  1:35  Drone x2  
  21  1:41  Zergling x2  
  22  1:56  Hatchery  
  21  2:01  Drone  
  21  2:04  Overlord  
  22  2:13  Spine Crawler  
  21  2:24  Zergling x2  
  21  2:25  Zergling x2  
  23  2:30  Zergling x6  
  26  2:39  Roach Warren  
  19  3:16  Zergling x4  
  19  3:17  Zergling x2  
  22  3:21  Queen  
  22  3:24  Roach x2  
  28  3:40  Metabolic Boost  
  28  3:43  Zergling x4  
  27  3:54  Roach  
  27  3:55  Roach x2  
  32  4:32  Ravager  
  32  4:36  Ravager  
  27  5:12  Roach x2  
  27  5:13  Roach  
  33  5:15  Drone  
  33  5:16  Drone x2  
  36  5:23  Extractor  
  35  5:45  Ravager  
  31  6:03  Overlord x5  
  31  6:04  Overlord  
  33  6:32  Lair  
  31  6:36  Roach  
  31  6:37  Roach  
  32  7:14  Spore Crawler  
  31  7:17  Drone x4  
  31  7:21  Spore Crawler  
  34  7:39  Spore Crawler  
  34  7:41  Drone x2  
  35  7:51  Spire  
  18  8:59  Queen  
  20  9:03  Mutalisk x2  
  20  9:04  Mutalisk  
  11  9:34  Mutalisk x2  
  10  9:51  Mutalisk x2  
  14  10:03  Drone  
  15  10:26  Drone x2  
  17  10:34  Drone  
  18  10:46  Spawning Pool  
  15  11:18  Drone  
  15  11:19  Drone x2  
  7  12:35  Hatchery  
Show
View Real Time Build Order
Export as new Build Order

MooEsqoo Protoss 

Build Orders: 1 Gate Expand 

Get SALT Encoding   

  12  0:01  Probe  
  13  0:16  Probe  
  14  0:24  Pylon  
  14  0:28  Probe  
  15  0:42  Probe  
  16  0:43  Gateway  
  16  0:55  Probe  
  17  1:07  Assimilator  
  17  1:08  Probe (Chrono Boost)  
  18  1:18  Probe (Chrono Boost)  
  19  1:23  Probe (Chrono Boost)  
  20  1:32  Cybernetics Core  
  20  1:43  Nexus  
  20  1:49  Pylon  
  20  1:54  Assimilator  
  20  1:58  Probe  
  21  2:19  Pylon  
  21  2:20  Stalker  
  23  2:27  Warp Gate (Chrono Boost)  
  23  2:29  Probe  
  24  2:41  Probe  
  25  2:50  Stalker  
  27  2:53  Probe  
  27  2:56  Probe  
  29  3:05  Probe  
  29  3:08  Probe  
  31  3:21  Pylon  
  31  3:29  Pylon, Probe x2  
  33  3:41  Probe x2  
  33  3:45  Stargate  
  33  3:47  Gateway  
  35  3:52  Stalker  
  37  4:00  Probe x2  
  39  4:12  Probe x2  
  39  4:16  Robotics Facility  
  41  4:17  Forge  
  41  4:32  Stalker  
  43  4:40  Phoenix (Chrono Boost)  
  45  4:47  Probe x2  
  45  4:48  Protoss Ground Weapons Level 1 (Chrono Boost)  
  47  4:58  Stalker  
  47  4:59  Stalker, Probe  
  53  5:00  Probe  
  53  5:05  Protoss Air Weapons Level 1 (Chrono Boost)  
  53  5:23  Stalker x2  
  57  5:31  Shield Battery  
  57  5:33  Shield Battery  
  57  5:39  Assimilator  
  57  5:41  Phoenix  
  59  5:51  Observer  
  60  5:57  Assimilator  
  60  6:17  Nexus  
  60  6:18  Stalker x2  
  64  6:45  Stalker  
  64  6:46  Stalker  
  68  7:05  Phoenix  
  70  7:14  Pylon  
  70  7:15  Pylon  
  70  7:18  Pylon  
  70  7:22  Pylon  
  70  7:24  Pylon  
  70  7:28  Probe x2  
  72  7:38  Pylon  
  72  7:40  Probe  
  72  7:41  Probe x2  
  75  7:53  Probe x2  
  75  7:55  Assimilator  
  77  7:59  Assimilator  
  77  8:01  Pylon  
  77  8:04  Shield Battery  
  77  8:06  Shield Battery  
  77  8:07  Photon Cannon  
  77  8:08  Photon Cannon, Probe  
  77  8:11  Photon Cannon  
  78  8:20  Probe  
  78  8:21  Stalker x2  
  78  8:26  Gateway  
  83  8:29  Gateway  
  83  8:31  Gateway  
  83  8:32  Probe  
  84  8:44  Probe (Chrono Boost)  
  85  8:55  Phoenix, Probe (Chrono Boost)  
  88  8:58  Pylon  
  88  9:00  Probe (Chrono Boost)  
  89  9:10  Stalker, Probe  
  89  9:11  Stalker  
  94  9:20  Twilight Council  
  94  9:23  Probe  
  95  9:24  Stargate  
  95  9:27  Stargate  
  95  9:29  Stargate  
  95  9:35  Probe  
  96  9:42  Fleet Beacon  
  96  9:47  Probe  
  75  10:11  Phoenix x2 (Chrono Boost)  
  72  10:20  Phoenix (Chrono Boost), Probe (Chrono Boost)  
  66  10:32  Probe (Chrono Boost)  
  68  10:39  Probe (Chrono Boost)  
  68  10:40  Probe (Chrono Boost)  
  68  10:41  Probe (Chrono Boost)  
  69  10:45  Phoenix x3  
  69  10:46  Phoenix  
  69  10:48  Probe (Chrono Boost)  
  72  10:51  Probe (Chrono Boost)  
  72  10:52  Anion Pulse-Crystals (Chrono Boost)  
  72  10:55  Probe (Chrono Boost)  
  72  10:56  Probe (Chrono Boost)  
  81  10:59  Probe (Chrono Boost)  
  81  11:01  Probe  
  81  11:02  Probe  
  84  11:06  Phoenix x2  
  84  11:07  Phoenix  
  84  11:09  Phoenix  
  84  11:10  Probe  
  91  11:13  Probe  
  91  11:14  Probe  
  91  11:18  Protoss Air Weapons Level 2 (Chrono Boost)  
  95  11:22  Probe  
  96  11:26  Probe x2  
  96  11:32  Phoenix (Chrono Boost)  
  100  11:34  Probe  
  100  11:38  Probe x2  
  103  11:40  Phoenix (Chrono Boost)  
  103  11:41  Phoenix (Chrono Boost)  
  103  11:43  Phoenix (Chrono Boost)  
  103  11:46  Probe  
  110  11:50  Probe  
  110  11:51  Probe  
  112  11:59  Phoenix (Chrono Boost)  
  118  12:03  Probe  
  93  12:37  Probe x2  
  93  12:38  Probe  
  96  12:49  Probe  
  96  12:50  Probe x2  
  95  12:59  Phoenix  
  95  13:00  Phoenix  
  95  13:01  Probe  
  95  13:02  Probe  
  95  13:04  Pylon  
  97  13:06  Pylon, Phoenix  
  97  13:10  Pylon  
  99  13:14  Probe  
  99  13:15  Probe  
  99  13:19  Probe  
  102  13:26  Probe  
  103  13:27  Probe  
  103  13:32  Probe  
  96  13:38  Probe  
  91  13:44  Probe  
  73  13:50  Probe  
  62  13:56  Probe  
  57  14:02  Stalker  
  57  14:03  Stalker x3  
Show
View Real Time Build Order
Export as new Build Order

spacechinees Protoss 

Build Orders:  

Get SALT Encoding   

  12  0:01  Probe  
  13  0:13  Probe  
  14  0:18  Pylon  
  14  0:25  Probe  
  15  0:38  Gateway  
  15  0:39  Probe (Chrono Boost)  
  16  0:46  Assimilator  
  16  0:51  Probe (Chrono Boost)  
  17  0:58  Probe  
  18  1:11  Assimilator  
  18  1:15  Probe  
  19  1:25  Cybernetics Core  
  19  1:29  Forge  
  19  1:32  Probe  
  20  1:44  Probe  
  21  2:12  Warp Gate  
  21  2:20  Sentry (Chrono Boost)  
  21  2:21  Nexus  
  23  2:42  Robotics Facility  
  23  3:13  Stalker (Chrono Boost)  
  23  3:25  Pylon  
  23  3:29  Shield Battery  
  23  3:30  Photon Cannon  
  23  3:31  Immortal (Chrono Boost)  
  23  3:32  Probe  
  28  3:45  Probe x2  
  30  3:57  Probe  
  30  4:02  Immortal (Chrono Boost)  
  31  4:08  Pylon  
  31  4:09  Probe  
  31  4:35  Shield Battery  
  31  5:00  Shield Battery  
  31  5:05  Stalker  
  33  5:19  Probe  
  34  5:21  Pylon  
  34  5:31  Probe  
  35  5:53  Probe  
  35  5:56  Photon Cannon  
  36  6:01  Photon Cannon x2  
  32  6:14  Probe  
  29  6:22  Stalker  
  31  6:26  Gateway, Probe  
  31  6:28  Gateway  
  32  6:38  Probe  
  33  6:47  Stalker  
  33  6:48  Pylon  
  33  7:04  Probe  
  33  7:07  Photon Cannon  
  34  7:18  Stalker  
  36  7:22  Shield Battery  
  36  7:24  Probe  
  36  7:26  Stalker x2  
  41  7:36  Probe  
  42  7:48  Probe  
  43  7:53  Stalker x2  
  43  7:57  Pylon  
  47  8:16  Stalker  
  45  8:42  Stalker  
  47  9:13  Photon Cannon  
  47  9:14  Pylon  
  41  9:17  Pylon  
  41  9:23  Stalker  
  41  9:24  Stalker x2  
  37  9:33  Probe  
Show
View Real Time Build Order
Export as new Build Order

Павел Zerg - Winner!

Build Orders: Pool First 

Get SALT Encoding   

  12  0:59  Drone x2  
  12  1:00  Overlord  
  14  1:41  Drone x3  
  17  1:48  Spawning Pool  
  17  1:49  Hatchery  
  17  1:51  Extractor  
  14  1:54  Extractor  
  13  2:09  Hatchery  
  12  2:16  Drone  
  12  2:19  Drone  
  12  2:22  Hatchery  
  13  2:27  Drone  
  14  2:39  Zergling x2  
  14  2:40  Zergling x2  
  16  3:21  Zergling x4  
  16  3:22  Zergling x2  
  16  3:25  Metabolic Boost  
  19  3:28  Queen  
  19  3:34  Drone x2  
  23  3:40  Drone  
  24  3:45  Drone x3  
  27  4:00  Drone x3  
  30  4:07  Drone x3  
  33  4:16  Queen  
  35  4:21  Zergling x4  
  35  4:24  Zergling x2  
  38  4:33  Drone x2  
  38  4:35  Overlord  
  40  4:50  Overlord x3  
  40  4:58  Drone x2  
  40  4:59  Drone  
  43  5:12  Drone x3  
  46  5:26  Queen  
  48  5:34  Lair  
  48  5:36  Zergling x6  
  48  5:37  Zergling x4  
  53  5:52  Lair  
  53  5:56  Extractor  
  52  5:57  Drone  
  52  5:58  Drone x2  
  52  6:02  Queen  
  57  6:07  Drone, Zergling x4  
  57  6:08  Zergling x4  
  62  6:14  Queen  
  64  6:30  Drone x3  
  67  6:47  Zergling x8, Spire  
  67  6:48  Zergling x2  
  71  6:55  Overlord x3  
  71  7:07  Queen, Spire  
  72  7:18  Drone x2  
  72  7:19  Drone x3  
  77  7:38  Drone  
  77  7:39  Drone x6  
  78  7:59  Mutalisk x2  
  78  8:00  Mutalisk x6  
  94  8:14  Drone  
  94  8:16  Overlord x4  
  94  8:17  Overlord x3  
  95  8:25  Hatchery  
  94  8:34  Queen  
  96  8:43  Mutalisk  
  96  8:44  Mutalisk x4  
  96  8:47  Zergling x6  
  109  9:01  Overlord x5  
  109  9:03  Extractor  
  109  9:07  Zerg Flyer Weapons Level 1  
  108  9:19  Drone x2  
  108  9:20  Drone x6  
  108  9:21  Drone  
  117  9:24  Zerg Flyer Armor Level 1  
  117  9:32  Overseer  
  94  10:34  Mutalisk x5  
  94  10:35  Mutalisk  
  106  10:37  Zergling x8  
  106  10:38  Zergling x6  
  113  10:51  Extractor  
  112  10:58  Extractor  
  112  11:02  Mutalisk x2  
  115  11:04  Zergling x4  
  115  11:05  Zergling x12  
  115  11:06  Zergling x8  
  127  11:15  Extractor  
  126  11:24  Drone  
  126  11:25  Drone x2  
  129  11:28  Extractor  
  128  11:44  Queen  
  128  11:46  Mutalisk x2  
  128  11:47  Mutalisk x3  
  130  11:50  Zergling x6  
  128  12:20  Queen  
  94  12:36  Corruptor  
  94  12:37  Corruptor x6  
  92  12:47  Corruptor  
  92  12:49  Zergling x6  
  92  12:50  Zergling x8  
  101  13:04  Zergling x8  
  101  13:05  Zergling x12  
  110  13:06  Zergling x8  
  115  13:19  Infestation Pit  
  114  13:24  Zergling x2  
  114  13:25  Zergling x6  
  118  13:33  Drone x4  
  118  13:34  Drone x6  
  125  13:35  Drone x5  
  125  13:36  Drone x4  
Show
View Real Time Build Order
Export as new Build Order

Mutabor Zerg - Winner!

Build Orders: Pool First 

Get SALT Encoding   

  12  0:02  Drone  
  13  0:10  Drone  
  14  0:25  Extractor  
  13  0:29  Spawning Pool  
  13  0:32  Drone  
  13  0:35  Drone  
  14  0:45  Overlord  
  14  1:05  Drone  
  15  1:20  Zergling x4  
  15  1:21  Zergling x2  
  18  1:42  Metabolic Boost  
  18  1:47  Drone, Hatchery  
  19  1:51  Drone  
  19  2:06  Queen  
  20  2:34  Zergling x2  
  20  2:35  Zergling x4  
  21  2:47  Drone  
  22  3:00  Roach Warren  
  22  3:05  Zergling x4  
  23  3:26  Zergling x10  
  28  3:36  Overlord  
  28  3:37  Overlord  
  28  3:45  Queen  
  22  4:27  Drone x5  
  22  4:28  Drone x4  
  29  4:37  Lair  
  29  4:42  Evolution Chamber  
  28  4:57  Roach  
  28  4:58  Roach x3  
  36  5:11  Roach x4  
  44  5:15  Overlord x2  
  44  5:31  Zerg Missile Weapons Level 1  
  44  5:35  Glial Reconstitution  
  44  5:36  Evolution Chamber  
  43  5:43  Nydus Network  
  42  5:50  Drone x3  
  42  5:51  Drone x3  
  48  6:04  Extractor  
  47  6:29  Zergling x12  
  47  6:30  Zergling x2  
  40  7:12  Roach x5  
  40  7:13  Roach x5  
  60  7:50  Hatchery  
  59  7:52  Nydus Canal  
  59  7:55  Drone  
  60  7:59  Overlord x3  
  60  8:03  Zerg Missile Weapons Level 2  
  60  8:10  Extractor  
  58  8:47  Zergling x6  
  57  8:48  Zergling x4  
  57  8:49  Zergling x2  
  57  8:50  Roach x5  
  57  8:51  Roach x2  
  57  8:53  Zerg Ground Armor Level 1  
  46  10:04  Hydralisk Den  
  33  10:15  Drone x4  
  33  10:16  Drone x7  
  33  10:17  Drone x2, Queen  
  48  10:38  Extractor  
  47  10:47  Muscular Augments  
  47  10:49  Infestation Pit, Zerg Ground Armor Level 2  
  46  10:52  Hydralisk  
  46  10:53  Hydralisk x4  
  56  11:10  Extractor  
  56  11:11  Drone x3  
  58  11:27  Hive  
  58  11:33  Hydralisk x4  
  58  11:35  Zergling x2  
  58  11:36  Zergling x10  
  58  12:59  Hydralisk x5  
  58  13:00  Hydralisk x11  
  90  13:07  Overlord x4  
  90  13:44  Hydralisk x8  
Show
View Real Time Build Order
Export as new Build Order

Илья Protoss - Winner!

Build Orders: Cannon Rush 

Get SALT Encoding   

  12  0:01  Probe  
  13  0:21  Pylon  
  13  0:22  Probe (Chrono Boost)  
  14  0:34  Probe (Chrono Boost)  
  15  0:39  Probe (Chrono Boost)  
  16  0:53  Pylon  
  16  1:01  Forge  
  16  1:08  Probe (Chrono Boost)  
  18  1:18  Probe (Chrono Boost)  
  18  1:23  Probe (Chrono Boost)  
  19  1:35  Photon Cannon  
  19  1:46  Photon Cannon  
  19  1:49  Photon Cannon  
  18  2:19  Pylon  
  18  2:24  Pylon  
  18  2:39  Photon Cannon  
  18  2:42  Photon Cannon  
  18  2:44  Photon Cannon  
  18  2:48  Photon Cannon  
  18  2:52  Photon Cannon  
  18  3:12  Pylon  
  18  3:19  Pylon  
  18  3:23  Photon Cannon  
  18  3:34  Photon Cannon  
  18  3:38  Photon Cannon  
  18  3:43  Photon Cannon  
  18  3:46  Photon Cannon  
  18  3:57  Photon Cannon  
  18  4:06  Photon Cannon  
  18  4:13  Pylon  
  18  4:42  Photon Cannon  
  18  4:49  Photon Cannon  
  18  4:58  Photon Cannon  
  17  5:15  Probe (Chrono Boost)  
  18  5:25  Probe (Chrono Boost)  
  18  5:27  Nexus  
  19  5:30  Probe (Chrono Boost)  
  20  5:36  Pylon  
  20  5:43  Gateway  
  20  5:46  Assimilator  
  20  5:52  Assimilator  
  20  5:54  Probe (Chrono Boost)  
  20  5:55  Pylon  
  21  5:58  Pylon  
  21  6:02  Pylon  
  21  6:03  Probe (Chrono Boost)  
  22  6:08  Pylon, Probe (Chrono Boost)  
  23  6:13  Pylon  
  23  6:29  Photon Cannon  
  23  6:33  Cybernetics Core  
  23  6:42  Photon Cannon, Probe (Chrono Boost)  
  24  6:49  Assimilator  
  24  6:52  Probe (Chrono Boost)  
  25  6:57  Assimilator, Probe (Chrono Boost)  
  26  7:18  Probe  
  27  7:30  Stargate, Probe  
  27  7:35  Stargate  
  28  7:40  Stargate  
  28  7:42  Probe (Chrono Boost)  
  29  7:54  Probe (Chrono Boost)  
  30  8:00  Probe (Chrono Boost)  
  31  8:08  Probe  
  32  8:20  Probe  
  32  8:23  Void Ray  
  32  8:24  Void Ray  
  41  8:30  Void Ray  
  41  8:33  Probe  
  46  8:45  Probe (Chrono Boost)  
  48  8:56  Probe (Chrono Boost)  
  48  9:01  Probe (Chrono Boost)  
  49  9:06  Void Ray  
  49  9:08  Probe (Chrono Boost)  
  55  9:17  Probe (Chrono Boost)  
  55  9:19  Probe (Chrono Boost)  
  55  9:24  Probe (Chrono Boost)  
  56  9:28  Nexus  
  57  9:31  Assimilator  
  57  9:35  Assimilator, Probe  
  58  9:55  Void Ray x2  
  66  10:28  Void Ray  
  70  10:37  Void Ray, Probe (Chrono Boost)  
  70  10:38  Void Ray  
  79  10:47  Probe (Chrono Boost)  
  79  10:48  Pylon  
  80  10:51  Pylon  
  80  10:52  Probe (Chrono Boost)  
  80  10:54  Stargate  
  81  10:57  Stargate  
  81  11:03  Probe (Chrono Boost)  
  83  11:09  Probe (Chrono Boost)  
  83  11:11  Void Ray  
  87  11:13  Probe (Chrono Boost)  
  87  11:18  Probe (Chrono Boost)  
  88  11:20  Void Ray  
  88  11:21  Void Ray  
  97  11:29  Probe (Chrono Boost)  
  98  11:41  Probe (Chrono Boost)  
  98  11:45  Void Ray x2  
  107  11:48  Probe (Chrono Boost)  
  107  11:53  Void Ray  
  112  11:56  Probe  
  112  12:00  Nexus  
  113  12:03  Assimilator  
  113  12:08  Assimilator, Probe  
  114  12:11  Pylon  
  114  12:15  Pylon  
  114  12:18  Pylon  
  114  12:20  Void Ray  
  114  12:22  Pylon  
  118  12:30  Pylon  
  118  12:32  Pylon  
  118  12:36  Pylon  
  118  12:39  Pylon  
  118  12:46  Void Ray x2  
  126  12:58  Void Ray x2  
  134  13:19  Void Ray  
  138  13:29  Void Ray x2  
Show
View Real Time Build Order
Export as new Build Order

SirBruce Protoss - Winner!

Build Orders:  

Get SALT Encoding   

  12  0:02  Probe (Chrono Boost)  
  13  0:11  Probe (Chrono Boost)  
  14  0:19  Pylon  
  14  0:20  Probe  
  15  0:37  Probe  
  15  0:41  Gateway  
  16  0:47  Assimilator  
  16  0:49  Probe  
  17  0:55  Assimilator  
  17  1:01  Probe  
  18  1:17  Probe (Chrono Boost)  
  19  1:27  Probe (Chrono Boost)  
  19  1:29  Cybernetics Core  
  20  1:42  Probe  
  21  1:54  Probe  
  22  2:06  Probe  
  22  2:07  Pylon  
  23  2:13  Forge  
  23  2:19  Pylon  
  23  2:25  Pylon  
  23  2:44  Stargate  
  23  2:46  Stargate  
  23  2:49  Shield Battery  
  23  2:52  Photon Cannon  
  23  2:57  Pylon  
  23  3:06  Photon Cannon  
  23  3:28  Void Ray (Chrono Boost)  
  23  3:29  Void Ray (Chrono Boost)  
  31  3:49  Photon Cannon  
  31  4:08  Void Ray (Chrono Boost)  
  35  4:19  Void Ray (Chrono Boost)  
  39  4:49  Void Ray (Chrono Boost)  
  39  5:21  Void Ray  
  43  5:30  Pylon  
  43  6:40  Stalker  
  43  6:42  Warp Gate  
  45  6:47  Gateway  
  45  6:49  Gateway  
  45  6:56  Twilight Council  
  45  7:24  Gateway  
  45  7:25  Pylon  
  45  7:36  Blink (Chrono Boost)  
  45  7:38  Stalker  
  45  7:39  Pylon  
  45  7:43  Stalker  
  49  7:44  Pylon  
  49  7:50  Pylon  
  49  8:07  Pylon  
  41  8:40  Stalker x3  
  41  8:41  Stalker  
  49  9:00  Protoss Ground Weapons Level 1 (Chrono Boost)  
  49  9:04  Stalker  
  49  9:05  Stalker x3  
  53  9:30  Stalker x2  
  53  9:31  Stalker x2  
  61  9:55  Stalker  
  61  9:56  Stalker x3  
  69  10:20  Stalker x2  
  69  10:21  Stalker x2  
  77  10:37  Pylon  
  73  10:59  Stalker  
  73  11:00  Stalker  
  73  11:01  Protoss Ground Armor Level 1  
  73  11:05  Pylon  
  71  12:20  Nexus  
  71  12:30  Stalker  
  71  12:31  Stalker x2  
  71  12:32  Stalker  
Tags
 
Add a new tag
Caveats
  • Supply blocks, unpowered buildings, or Contaminate may cause inaccurate times.
  • Supply counts are checked every 10 seconds.